3L
D.C. DIVIDED @ OAKLAND OAKS
09/16/2022
 
TOP OF THE 1ST
D.C. Divided batting - Pitching for Oakland Oaks : LHP Arnaldo Bodabalho
Pitching: LHP Arnaldo Bodabalho
Batting: LHB Charles Mathes 0-0: Called Strike
0-1: Called Strike
0-2: Ball
1-2: SOLO HOME RUN (Flyball, 9LD), Distance : 345 ft
Batting: SHB Eiji Suzuki 0-0: Called Strike
0-1: Ball
1-1: Called Strike
1-2: Fly out, F9 (Flyball, 9LSF)
Batting: LHB Ray Sears 0-0: Called Strike
0-1: Swinging Strike
0-2: SINGLE (Flyball, 8RS)
Batting: RHB Dong-joon Ch'oe 0-0: Ball
1-0: Ball
2-0: Foul Ball, location: 2F
2-1: Ball
3-1: Fly out, F9 (Flyball, 9LMF)
Batting: RHB Lúcio López 0-0: Called Strike
0-1: Foul Ball, location: 2F
0-2: Ball
1-2: Strikes out looking
Top of the 1st over - 1 run(s), 2 hit(s), 0 error(s), 1 left on base; D.C. 1 - Oakland 0
BOTTOM OF THE 1ST
Oakland Oaks batting - Pitching for D.C. Divided : LHP Leslie Brooks
Pitching: LHP Leslie Brooks
Batting: SHB John Allen 0-0: Ball
1-0: Foul Ball, location: 2F
1-1: Ball
2-1: Ball
3-1: Base on Balls
Batting: LHB Edwin Church 0-0: Called Strike
0-1: Ball
1-1: Ball
2-1: Fly out, F3 (Line Drive, 3S)
2-1: Lined into DP, U3 (Line Drive, 3S)
Batting: RHB Dave Henderson 0-0: Fly out, F7 (Line Drive, 7S)
Bottom of the 1st over - 0 run(s), 0 hit(s), 0 error(s), 0 left on base; D.C. 1 - Oakland 0
TOP OF THE 2ND
D.C. Divided batting - Pitching for Oakland Oaks : LHP Arnaldo Bodabalho
Batting: RHB Brett Robinson 0-0: Ball
1-0: Foul Ball, location: 2F
1-1: Foul Ball, location: 2F
1-2: Ball
2-2: Foul Ball, location: 2F
2-2: Ball
3-2: Base on Balls
Batting: RHB Justin Saginov 0-0: Called Strike
0-1: Foul Ball, location: 2F
0-2: Ball
1-2: Ball
2-2: Fly out, F8 (Line Drive, 8LD)
Batting: LHB Mike Gardner 0-0: Called Strike
0-1: Called Strike
0-2: Strikes out swinging
Batting: RHB Cristo González 0-0: Ball
1-0: Fly out, F8 (Flyball, 8RM)
Top of the 2nd over - 0 run(s), 0 hit(s), 0 error(s), 1 left on base; D.C. 1 - Oakland 0
BOTTOM OF THE 2ND
Oakland Oaks batting - Pitching for D.C. Divided : LHP Leslie Brooks
Batting: LHB Todd Williams 0-0: Foul Ball, location: 2F
0-1: Called Strike
0-2: Foul Ball, location: 2F
0-2: Fly out, F9 (Flyball, 9M)
Batting: RHB Gabriel Maldonado 0-0: Ball
1-0: Ball
2-0: Called Strike
2-1: Fly out, F9 (Flyball, 9M)
Batting: LHB Randy Daugherty 0-0: Ball
1-0: Ball
2-0: Called Strike
2-1: SINGLE (Groundball, 4M)
Batting: RHB Miguel Fernández 0-0: Ball
1-0: Ball
2-0: Ground out 6-3 (Groundball, 6)
Bottom of the 2nd over - 0 run(s), 1 hit(s), 0 error(s), 1 left on base; D.C. 1 - Oakland 0
TOP OF THE 3RD
D.C. Divided batting - Pitching for Oakland Oaks : LHP Arnaldo Bodabalho
Batting: LHB Charles Mathes 0-0: Foul Ball, location: 2F
0-1: Foul Ball, location: 2F
0-2: Ball
1-2: Ground out 4-3 (Groundball, 4)
Batting: SHB Eiji Suzuki 0-0: Ball
1-0: Foul Ball, location: 2F
1-1: Foul Ball, location: 2F
1-2: Fly out, F7 (Flyball, 7LM)
Batting: LHB Ray Sears 0-0: Called Strike
0-1: Swinging Strike
0-2: Ground out U3 (Groundball, 3)
Top of the 3rd over - 0 run(s), 0 hit(s), 0 error(s), 0 left on base; D.C. 1 - Oakland 0
BOTTOM OF THE 3RD
Oakland Oaks batting - Pitching for D.C. Divided : LHP Leslie Brooks
Batting: LHB Jesús Quintanilla 0-0: Foul Ball, location: 2F
0-1: Ground out 4-3 (Groundball, 34)
Batting: RHB Rafael Durango 0-0: Ball
1-0: Foul Ball, location: 2F
1-1: Hit by Pitch
Batting: SHB John Allen 0-0: Ball
1-0: Swinging Strike
1-1: 2-RUN HOME RUN (Flyball, 7D), Distance : 409 ft
Batting: LHB Edwin Church 0-0: Ball
1-0: Ball
2-0: Ball
3-0: Called Strike
3-1: SINGLE (Line Drive, 8LS)
Batting: RHB Dave Henderson 0-0: Ball
1-0: Ball
2-0: Ball
3-0: Called Strike
3-1: Base on Balls
Edwin Church to second
Batting: LHB Todd Williams 0-0: Foul Ball, location: 2F
0-1: Grounds into double play, 4-6-3 (Groundball, 4)
Bottom of the 3rd over - 2 run(s), 2 hit(s), 0 error(s), 1 left on base; D.C. 1 - Oakland 2
TOP OF THE 4TH
D.C. Divided batting - Pitching for Oakland Oaks : LHP Arnaldo Bodabalho
Batting: RHB Dong-joon Ch'oe 0-0: Called Strike
0-1: Ball
1-1: Called Strike
1-2: Strikes out looking
Batting: RHB Lúcio López 0-0: Ball
1-0: Swinging Strike
1-1: Foul Ball, location: 2F
1-2: SINGLE (Groundball, 23) (infield hit)
Batting: RHB Brett Robinson 0-0: Called Strike
0-1: Ground out 5-3 (Groundball, 5S)
Lúcio López to second
Batting: RHB Justin Saginov 0-0: Ball
1-0: Fly out, F8 (Flyball, 8RD)
Top of the 4th over - 0 run(s), 1 hit(s), 0 error(s), 1 left on base; D.C. 1 - Oakland 2
BOTTOM OF THE 4TH
Oakland Oaks batting - Pitching for D.C. Divided : LHP Leslie Brooks
Batting: RHB Gabriel Maldonado 0-0: Foul Ball, location: 2F
0-1: Ground out 6-3 (Groundball, 6M)
Batting: LHB Randy Daugherty 0-0: Ball
1-0: Foul Ball, location: 2F
1-1: Swinging Strike
1-2: Foul Ball, location: 2F
1-2: Ground out U3 (Groundball, 3)
Batting: RHB Miguel Fernández 0-0: Swinging Strike
0-1: Called Strike
0-2: Foul Ball, location: 2F
0-2: Ball
1-2: Strikes out swinging
Bottom of the 4th over - 0 run(s), 0 hit(s), 0 error(s), 0 left on base; D.C. 1 - Oakland 2
TOP OF THE 5TH
D.C. Divided batting - Pitching for Oakland Oaks : LHP Arnaldo Bodabalho
Batting: LHB Mike Gardner 0-0: Called Strike
0-1: Foul Ball, location: 2F
0-2: Ball
1-2: Strikes out swinging
Batting: RHB Cristo González 0-0: Called Strike
0-1: Foul Ball, location: 2F
0-2: Ball
1-2: SINGLE (Line Drive, 5D)
Batting: LHB Charles Mathes 0-0: Ball
1-0: Foul Ball, location: 2F
1-1: Called Strike
Cristo González steals 2nd base
1-2: Foul Ball, location: 2F
1-2: Strikes out looking
Batting: SHB Eiji Suzuki 0-0: Ball
1-0: 2-RUN HOME RUN (Line Drive, 7D), Distance : 414 ft
Batting: LHB Ray Sears 0-0: Ball
1-0: Ball
2-0: Ball
3-0: Called Strike
3-1: Foul Ball, location: 2F
3-2: SINGLE (Flyball, 8LS)
Batting: RHB Dong-joon Ch'oe 0-0: Ball
1-0: Ball
2-0: Ball
3-0: Called Strike
3-1: Called Strike
3-2: Base on Balls
Ray Sears to second
Batting: RHB Lúcio López 0-0: Called Strike
0-1: DOUBLE (Line Drive, 5D)
Ray Sears scores
Dong-joon Ch'oe to third
Runner from 3rd tries for Home, throw and OUT!
Top of the 5th over - 3 run(s), 4 hit(s), 0 error(s), 1 left on base; D.C. 4 - Oakland 2
BOTTOM OF THE 5TH
Oakland Oaks batting - Pitching for D.C. Divided : LHP Leslie Brooks
Batting: LHB Jesús Quintanilla 0-0: Fly out, F8 (Flyball, 78XD)
Batting: RHB Rafael Durango 0-0: Foul Ball, location: 2F
0-1: Ball
1-1: SINGLE (Groundball, 56D)
Batting: SHB John Allen 0-0: Called Strike
0-1: Foul Ball, location: 2F
0-2: Grounds into double play, 4-6-3 (Groundball, 4)
Bottom of the 5th over - 0 run(s), 1 hit(s), 0 error(s), 0 left on base; D.C. 4 - Oakland 2
TOP OF THE 6TH
D.C. Divided batting - Pitching for Oakland Oaks : LHP Arnaldo Bodabalho
Batting: RHB Brett Robinson 0-0: Foul Ball, location: 2F
0-1: Ball
1-1: Ball
2-1: Ball
3-1: SINGLE (Line Drive, 89M)
Pitching: RHP Robert Anderson
Batting: RHB Justin Saginov 0-0: Ball
1-0: Foul Ball, location: 2F
1-1: Sac Bunt - play at second, runner OUT! 2-6
Batting: LHB Mike Gardner 0-0: Ball
1-0: Swinging Strike
1-1: Foul Ball, location: 2F
1-2: Strikes out swinging
Batting: RHB Cristo González 0-0: Ball
1-0: Ground out 1-3 (Groundball, 13)
Top of the 6th over - 0 run(s), 1 hit(s), 0 error(s), 1 left on base; D.C. 4 - Oakland 2
BOTTOM OF THE 6TH
Oakland Oaks batting - Pitching for D.C. Divided : LHP Leslie Brooks
Batting: LHB Edwin Church 0-0: Ball
1-0: Ball
2-0: Called Strike
2-1: Ball
3-1: Foul Ball, location: 2F
3-2: Base on Balls
Batting: RHB Dave Henderson 0-0: Ball
1-0: SINGLE (Flyball, 9S)
Edwin Church to second
Runner from 2nd tries for 3rd, SAFE, throw made to third
Dave Henderson to second
Batting: LHB Todd Williams 0-0: DOUBLE (Flyball, 8LXD)
Edwin Church scores
Dave Henderson scores
Batting: RHB Gabriel Maldonado 0-0: Intentional Walk
Batting: LHB Randy Daugherty 0-0: Ball
1-0: Called Strike
1-1: Called Strike
1-2: Ball
2-2: Strikes out swinging
Batting: RHB Miguel Fernández 0-0: Called Strike
0-1: Foul Ball, location: 2F
0-2: Foul Ball, location: 2F
0-2: Ball
1-2: Foul Ball, location: 2F
1-2: Fly out, F9 (Flyball, 89M)
Batting: LHB Jesús Quintanilla 0-0: Called Strike
0-1: Foul Ball, location: 2F
0-2: Ball
1-2: Fly out, F7 (Flyball, 78S)
Bottom of the 6th over - 2 run(s), 2 hit(s), 0 error(s), 2 left on base; D.C. 4 - Oakland 4
TOP OF THE 7TH
D.C. Divided batting - Pitching for Oakland Oaks : RHP Robert Anderson
Batting: LHB Charles Mathes 0-0: Called Strike
0-1: Called Strike
0-2: Strikes out swinging
Batting: SHB Eiji Suzuki 0-0: Ball
1-0: Ball
2-0: Ball
3-0: Base on Balls
Batting: LHB Ray Sears 0-0: Swinging Strike
0-1: Ball
1-1: Ball
2-1: Foul Ball, location: 2F
2-2: Strikes out swinging
Batting: RHB Dong-joon Ch'oe 0-0: Ball
1-0: Called Strike
Eiji Suzuki is caught stealing 2nd base
Top of the 7th over - 0 run(s), 0 hit(s), 0 error(s), 0 left on base; D.C. 4 - Oakland 4
BOTTOM OF THE 7TH
Oakland Oaks batting - Pitching for D.C. Divided : LHP Leslie Brooks
Batting: RHB Rafael Durango 0-0: Ball
1-0: Called Strike
1-1: SINGLE (Line Drive, 34)
Batting: SHB John Allen 0-0: Ball
1-0: Grounds into double play, 4-6-3 (Groundball, 4)
Batting: LHB Edwin Church 0-0: Ball
1-0: Ball
2-0: Ball
3-0: Swinging Strike
3-1: Foul Ball, location: 2F
3-2: Base on Balls
Batting: RHB Dave Henderson 0-0: Ball
1-0: Foul Ball, location: 2F
1-1: Ball
2-1: Ball
3-1: Swinging Strike
3-2: Foul Ball, location: 2F
3-2: Strikes out swinging
Bottom of the 7th over - 0 run(s), 1 hit(s), 0 error(s), 1 left on base; D.C. 4 - Oakland 4
TOP OF THE 8TH
D.C. Divided batting - Pitching for Oakland Oaks : RHP Robert Anderson
Batting: RHB Dong-joon Ch'oe 0-0: Ball
1-0: Ball
2-0: Foul Ball, location: 2F
2-1: DOUBLE (Groundball, 3L)
Pinch Hitting: LHB Brad Elmore 0-0: Ball
1-0: Ball
2-0: Called Strike
2-1: Swinging Strike
2-2: Strikes out looking
Batting: RHB Brett Robinson 0-0: Called Strike
0-1: Ball
1-1: Ball
2-1: 2-RUN HOME RUN (Flyball, 8LXD), Distance : 429 ft
Pitching: RHP Miguel Herrera
Batting: RHB Justin Saginov 0-0: Called Strike
0-1: Ball
1-1: Ground out 5-3 (Groundball, 5)
Batting: LHB Mike Gardner 0-0: Ball
1-0: Ball
2-0: Called Strike
2-1: Ball
3-1: Base on Balls
Batting: RHB Cristo González 0-0: Ball
1-0: Fly out, F4 (Popup, 4D)
Top of the 8th over - 2 run(s), 2 hit(s), 0 error(s), 1 left on base; D.C. 6 - Oakland 4
BOTTOM OF THE 8TH
Oakland Oaks batting - Pitching for D.C. Divided : LHP Leslie Brooks
Now in LF: Brad Elmore
Batting: LHB Todd Williams 0-0: Called Strike
0-1: Ball
1-1: DOUBLE (Line Drive, 7LM)
Batting: RHB Gabriel Maldonado 0-0: Ball
1-0: Ball
2-0: Called Strike
2-1: Ball
3-1: SINGLE (Line Drive, 56D)
Todd Williams to third
Runner from 3rd tries for Home, SAFE, no throw or cutoff
Pitching: LHP Greg Jordan
Batting: LHB Randy Daugherty 0-0: Ball
1-0: Foul Ball, location: 2F
1-1: Swinging Strike
1-2: Ball
2-2: Ground out 4-3 (Groundball, 4M)
Gabriel Maldonado to second
Pitching: LHP Domingo Posadas
Batting: RHB Miguel Fernández 0-0: Called Strike
0-1: Called Strike
0-2: Foul Ball, location: 2F
0-2: Foul Ball, location: 2F
0-2: Ball
1-2: Ball
2-2: Foul Ball, location: 2F
2-2: Ball
3-2: SINGLE (Line Drive, 4)
Gabriel Maldonado to third
Batting: LHB Jesús Quintanilla 0-0: Ball
1-0: Called Strike
1-1: Called Strike
1-2: Ball
2-2: Ground out 4-3 (Groundball, 13)
Gabriel Maldonado scores
Miguel Fernández to second
Batting: RHB Rafael Durango 0-0: Ball
1-0: Ground out 5-3 (Groundball, 56)
Bottom of the 8th over - 2 run(s), 3 hit(s), 0 error(s), 1 left on base; D.C. 6 - Oakland 6
TOP OF THE 9TH
D.C. Divided batting - Pitching for Oakland Oaks : RHP Miguel Herrera
Pitching: RHP Tony Hernández
Batting: LHB Charles Mathes 0-0: DOUBLE (Line Drive, 78S)
Batting: SHB Eiji Suzuki 0-0: Ball
Charles Mathes steals 3rd base
1-0: Ball
2-0: Called Strike
2-1: Ground out 4-3 (Groundball, 4)
Batting: LHB Ray Sears 0-0: Intentional Walk
Batting: RHB Dong-joon Ch'oe 0-0: Called Strike
0-1: Swinging Strike
0-2: Ball
1-2: Foul Ball, location: 2F
1-2: Strikes out looking
Batting: LHB Brad Elmore 0-0: Ball
1-0: Called Strike
1-1: Ball
2-1: Called Strike
2-2: Strikes out looking
Top of the 9th over - 0 run(s), 1 hit(s), 0 error(s), 2 left on base; D.C. 6 - Oakland 6
BOTTOM OF THE 9TH
Oakland Oaks batting - Pitching for D.C. Divided : LHP Domingo Posadas
Pitching: RHP Gabriel Hidalgo
Pinch Hitting: LHB Todd Henry 0-0: Ball
1-0: Foul Ball, location: 2F
1-1: Fly out, F8 (Flyball, 8RD)
Batting: LHB Edwin Church 0-0: Ball
1-0: Ball
2-0: Foul Ball, location: 2F
2-1: Foul Ball, location: 2F
2-2: SINGLE (Groundball, 34D)
Pinch Runner at 1st Johnny Hernández:
Batting: RHB Dave Henderson 0-0: Called Strike
0-1: Ball
1-1: Foul Ball, location: 2F
1-2: Strikes out looking
Batting: LHB Todd Williams 0-0: Ball
1-0: Ball
2-0: Fly out, F8 (Flyball, 8LD)
Bottom of the 9th over - 0 run(s), 1 hit(s), 0 error(s), 1 left on base; D.C. 6 - Oakland 6
TOP OF THE 10TH
D.C. Divided batting - Pitching for Oakland Oaks : RHP Tony Hernández
Now at C: Ramiro Rico
Now in RF: Johnny Hernández
Batting: RHB Brett Robinson 0-0: Ball
1-0: Called Strike
1-1: Swinging Strike
1-2: Ball
2-2: Strikes out swinging
Batting: RHB Justin Saginov 0-0: Ball
1-0: Ball
2-0: Called Strike
2-1: Foul Ball, location: 2F
2-2: Ball
3-2: Base on Balls
Batting: LHB Mike Gardner 0-0: Swinging Strike
0-1: Ball
1-1: Swinging Strike
1-2: Strikes out swinging
Batting: RHB Cristo González 0-0: Called Strike
0-1: Ball
1-1: Ball
2-1: Ground out 6-3 (Groundball, 6)
Top of the 10th over - 0 run(s), 0 hit(s), 0 error(s), 1 left on base; D.C. 6 - Oakland 6
BOTTOM OF THE 10TH
Oakland Oaks batting - Pitching for D.C. Divided : RHP Gabriel Hidalgo
Batting: RHB Gabriel Maldonado 0-0: Foul Ball, location: 2F
0-1: Called Strike
0-2: SINGLE (Line Drive, 8LS)
Batting: LHB Randy Daugherty 0-0: Bunted foul
0-1: Sac Bunt - play at first, batter OUT! 1-4
Gabriel Maldonado to second
Pinch Hitting: LHB Ron Frazier 0-0: Ball
1-0: Foul Ball, location: 2F
1-1: Fly out, F6 (Popup, 6MD)
Batting: LHB Jesús Quintanilla 0-0: Ball
1-0: Called Strike
1-1: Ball
2-1: Called Strike
2-2: Foul Ball, location: 2F
2-2: Ball
3-2: Base on Balls
Batting: RHB Rafael Durango 0-0: Called Strike
0-1: Ball
1-1: Swinging Strike
1-2: SINGLE (Groundball, 4M)
Gabriel Maldonado to third
Jesús Quintanilla to second
Runner from 3rd tries for Home, SAFE, no throw or cutoff
This league is powered by Out of the Park Baseball, the baseball management simulation game for PC, Mac and Linux
Friday, April 15th, 2016 - OOTP Baseball 16.9 Build 39